AoeStats
← hoisan

Highland

506706701Analyzed
4v4 RM · 19d ago on Sep 14, 2026· 59m 21s· 8 players
Game mode
Random Map
Map size
Large (8 player)
Population
200
Speed
Normal
Resources
Standard
Victory
Conquest
Starting age
Dark Age
Ending age
Imperial Age
RankedLock teamsTeams togetherTeam positionsShared explorationLock speedFull tech treeHidden civsTurbo modeCheats
Victory
Defeat
🇷🇴 Celts · Romania
828
+18
🇨🇦 Huns · Canada
821
+18
🇺🇸 Poles · United States
788
+19
🇺🇸 Malians · United States
769
+20
🇹🇷 Berbers · Türkiye
944
-22
🇹🇷 Spanish · Türkiye
909
-21
🇹🇷 Goths · Türkiye
821
-17
🇹🇷 Britons · Türkiye
760
-15
jotap07
0:29 Loom
2:12 Loom
14:31 Feudal Age
19:46 Castle Age
18:03 Double-Bit Axe
18:03 Horse Collar
18:49 Stone Mining
25:00 Forging
25:01 Scale Barding Armor
25:04 Padded Archer Armor
24:55 Fletching
25:49 Medium Warships
30:23 Crossbowman
31:53 Scale Mail Armor
33:16 Pikeman
37:54 Imperial Age
35:52 Gold Mining
37:06 Heavy Plow
37:24 Forging
37:20 Scale Barding Armor
39:56 Chemistry
39:22 Ballistics
38:28 Cavalier
39:30 Szlachta Privileges
39:55 Conscription
40:18 Murder Holes
44:23 Bow Saw
46:00 Lechitic Legacy
46:14 Caravan
46:50 Coinage
46:37 Husbandry
46:47 Bloodlines
47:19 Iron Casting
47:09 Chain Barding Armor
49:15 Bodkin Arrow
50:21 Blast Furnace
49:39 Chain Mail Armor
51:32 Bracer
51:48 Leather Archer Armor
52:52 Thumb Ring
53:46 Plate Mail Armor
53:55 Squires
53:40 Arson
53:20 Elite Skirmisher
57:39 Fortified Wall
57:51 Bombard Tower
58:16 Crop Rotation
jacklaughlinstudios
2:48 Loom
13:35 Feudal Age
18:50 Horse Collar
18:57 Double-Bit Axe
23:02 Castle Age
21:42 Wheelbarrow
20:55 Town Watch
33:23 Caravan
35:58 Hand Cart
35:44 Town Patrol
37:13 Bow Saw
43:53 Imperial Age
43:10 Forging
45:38 Iron Casting
45:19 Scale Barding Armor
45:57 Scale Mail Armor
45:48 Fletching
45:54 Fletching
46:28 Conscription
46:09 Farimba
46:14 Tigui
46:22 Elite Gbeto
47:53 Hoardings
48:27 Chain Mail Armor
48:33 Chain Barding Armor
48:10 Bodkin Arrow
47:53 Sappers
49:41 Plate Mail Armor
49:13 Padded Archer Armor
48:35 Cavalier
48:36 Heavy Camel Rider
49:17 Husbandry
49:28 Bloodlines
48:39 Light Cavalry
49:10 Arson
49:26 Squires
48:46 Pikeman
48:47 Man-at-Arms
51:01 Chemistry
50:22 Ballistics
50:13 Masonry
49:58 Murder Holes
50:14 Fortified Wall
49:45 Treadmill Crane
50:38 Redemption
50:29 Atonement
50:39 Fervor
50:45 Block Printing
50:30 Devotion
50:51 Sanctity
50:52 Heresy
51:07 Theocracy
50:27 Herbal Medicine
✪Aku
0:34 Loom
11:21 Feudal Age
12:42 Wheelbarrow
13:26 Double-Bit Axe
28:37 Man-at-Arms
31:37 Castle Age
31:24 Town Watch
31:53 Pikeman
31:57 Crossbowman
33:22 Fletching
33:32 Padded Archer Armor
33:10 Elite Skirmisher
34:28 Long Swordsman
36:53 Bodkin Arrow
37:18 Leather Archer Armor
39:43 Ballistics
39:15 Heated Shot
43:00 Husbandry
43:41 Murder Holes
44:01 Masonry
47:00 Stronghold
55:57 Imperial Age
53:43 Horse Collar
56:14 Onager
57:14 Halberdier
57:43 Arson
58:15 Forging
John
0:49 Loom
3:23 Loom
11:09 Feudal Age
12:18 Double-Bit Axe
15:15 Scale Barding Armor
19:35 Forging
21:08 Bloodlines
24:38 Castle Age
24:26 Wheelbarrow
25:12 Horse Collar
25:36 Husbandry
25:42 Gold Mining
26:25 Chain Barding Armor
26:40 Iron Casting
26:29 Bow Saw
28:53 Gold Shaft Mining
29:34 Fletching
30:49 Hand Cart
35:42 Iron Casting
35:31 Thumb Ring
40:14 Imperial Age
38:57 Marauders
42:16 Light Cavalry
43:29 Atheism
44:00 Heavy Plow
44:07 Padded Archer Armor
44:22 Murder Holes
44:38 Masonry
44:43 Cavalier
45:22 Bodkin Arrow
46:07 Hussar
48:21 Ballistics
51:14 Leather Archer Armor
52:03 Conscription
52:11 Caravan
53:15 Chemistry
51:57 Elite Tarkan
54:38 Heavy Cavalry Archer
57:23 Parthian Tactics
58:27 Blast Furnace
58:03 Plate Barding Armor
57:29 Bracer
58:45 Coinage
58:27 Guilds
hoisan
11:14 Feudal Age
12:46 Wheelbarrow
11:59 Double-Bit Axe
12:36 Fishing Lines
14:08 Horse Collar
21:22 Castle Age
20:25 Gold Mining
20:26 Stone Mining
23:34 Hand Cart
24:24 Squires
23:44 Pikeman
27:09 Medium Warships
31:13 Forging
31:03 Scale Mail Armor
31:29 Heavy Plow
33:04 Arson
32:59 Demolition Ship
35:07 Caravan
39:42 Imperial Age
41:01 Padded Archer Armor
40:52 Fletching
43:44 Conscription
45:05 Leather Archer Armor
44:48 Bodkin Arrow
45:37 Iron Casting
56:27 Elite Genitour
57:57 Halberdier
llDraebu
9:22 Loom
11:08 Feudal Age
12:09 Double-Bit Axe
16:09 Gold Mining
16:14 Stone Mining
21:50 Wheelbarrow
23:16 Castle Age
29:44 Bow Saw
29:15 Horse Collar
30:11 Gold Shaft Mining
39:04 Bloodlines
40:52 Caravan
41:30 Hand Cart
43:47 Imperial Age
42:12 Heavy Plow
42:49 Stone Shaft Mining
44:12 Kasbah
44:20 Scale Barding Armor
44:26 Forging
44:18 Padded Archer Armor
44:09 Fletching
44:21 Scale Mail Armor
44:27 Town Watch
45:51 Chain Barding Armor
44:54 Heavy Camel Rider
45:37 Husbandry
44:58 Light Cavalry
44:59 Cavalier
47:52 Conscription
48:24 Crop Rotation
48:11 Elite Genitour
48:57 Thumb Ring
49:11 Leather Archer Armor
48:52 Bodkin Arrow
49:33 Plate Barding Armor
49:34 Iron Casting
49:41 Hussar
52:15 Ring Archer Armor
51:46 Bracer
52:55 Chemistry
52:16 Ballistics
55:15 Blast Furnace
56:17 Treadmill Crane
57:03 Siege Engineers
lokmanhekim02
6:24 Loom
10:02 Feudal Age
21:31 Castle Age
20:49 Double-Bit Axe
20:46 Horse Collar
35:17 Imperial Age
33:14 Town Watch
42:57 Cavalier
44:08 Husbandry
44:18 Bloodlines
45:06 Wheelbarrow
45:47 Forging
49:03 Heavy Plow
49:15 Bow Saw
49:49 Ballistics
50:30 Chemistry
49:02 Paladin
58:27 Hand Cart
58:12 Town Patrol
59:14 Two-Man Saw
Gus Fring9629
4:06 Loom
11:48 Feudal Age
27:32 Castle Age
26:25 Horse Collar
28:15 Double-Bit Axe
29:21 Squires
29:30 Scale Mail Armor
29:44 Forging
33:11 Iron Casting
36:29 Pikeman
37:59 Anarchy
43:39 Imperial Age
46:20 Blast Furnace
46:00 Gold Mining
48:34 Halberdier
Connection lost

Rejoining the realm…

Still unreachable

The connection could not be restored.

Session expired

The server has moved on; the page needs a fresh start.